 Dungeon Crawl Stone Soup version 0.23.2-40-g277498a001 (webtiles) character file.

Game seed: 14097722852545109100

834 MisterOstroum the Cutter (level 7, -1/49 HPs)
             Began as an Octopode Hunter on Jan 3, 2021.
             Was an Initiate of Sif Muna.
             Slain by a hippogriff (10 damage)
             ... on level 7 of the Dungeon.
             The game lasted 00:12:05 (6770 turns).

MisterOstroum the Cutter (Octopode Hunter)          Turns: 6770, Time: 00:12:06

Health: -1/49      AC:  1    Str: 13    XL:     7   Next: 98%
Magic:  7/7        EV: 13    Int: 16    God:    Sif Muna [......]
Gold:   239        SH:  0    Dex: 13    Spells: 6/6 levels left

rFire    . . .     SeeInvis .   b - +0 rapier
rCold    . . .     Gourm    .   (no shield)
rNeg     . . .     Faith    .   (helmet restricted)
rPois    +         Spirit   .   (no amulet)
rElec    .         Reflect  .   u - ring of poison resistance
rCorr    .         Harm     .   B - +3 ring of intelligence
MR       .....                  (no ring)
Stlth    ++++......             (no ring)
HPRegen  0.16/turn              (no ring)
MPRegen  0.10/turn              (no ring)
                                (no ring)
                                (no ring)

@: no status effects
A: almost no armour, stealthy swim, amphibious, 8 rings, constrict 8, camouflage
1, gelatinous body 1
a: Renounce Religion


You were on level 7 of the Dungeon.
You worshipped Sif Muna.
Sif Muna was noncommittal.
You were near starving.

You visited 2 branches of the dungeon, and saw 8 of its levels.

You collected 239 gold pieces.

Inventory:

Hand Weapons
 a - a +1 hand crossbow
 b - a +0 rapier (weapon)
 c - a +0 dagger
 v - a +1 short sword of draining
Missiles
 i - 128 stones (quivered)
 r - 84 bolts
 x - 6 tomahawks
Armour
 o - a +1 pair of boots
 t - a +0 hat
Jewellery
 u - a ring of poison resistance (left tentacle)
 B - a +3 ring of intelligence (right tentacle)
 D - the amulet "Erricvek" {+Rage rPois Str-5 Int+3}
   (You found it on level 6 of the Dungeon)

   [amulet of rage]

   It affects your strength (-5).
   It affects your intelligence (+3).
   It protects you from poison.
   It lets you go berserk.
Wands
 A - a wand of random effects (40)
Scrolls
 d - 2 scrolls of enchant armour {unknown}
 f - 3 scrolls of magic mapping {unknown}
 g - a scroll of amnesia {unknown}
 h - 6 scrolls of identify {unknown}
 j - a scroll of noise {unknown}
 m - 2 scrolls of blinking {unknown}
 q - a scroll of enchant weapon {unknown}
 s - a scroll of remove curse {unknown}
 y - a scroll of teleportation {unknown}
 C - a scroll of vulnerability {unknown}
 F - 2 scrolls of fear {unknown}
Potions
 k - 2 potions of agility {unknown}
 l - 2 potions of flight {unknown}
 n - a potion of heal wounds {unknown}
 p - a potion of magic {unknown}
 w - a potion of mutation {unknown}
 z - a potion of lignification {unknown}
 E - a potion of degeneration {unknown}
Comestibles
 e - 12 rations


   Skills:
 + Level 4.8 Fighting
 - Level 6.0 Short Blades
 * Level 4.1 Crossbows
 * Level 2.3 Dodging
 - Level 5.2 Stealth


You had 6 spell levels left.
You didn't know any spells.
Your spell library contained the following spells:

 Spells                   Type           Power        Failure   Level  Hunger
 Confusing Touch          Hex            #.....       26%         1    ##.....
 Corona                   Hex            #......      26%         1    ##.....
 Confuse                  Hex            #.......     58%         3    ####...
 Cause Fear               Hex            #.........   94%         4    #####..


Dungeon Overview and Level Annotations

Branches:
Dungeon (7/15)             Temple (1/1) D:4

Altars:
Cheibriados
Dithmenos
Elyvilon
Fedhas
Kikubaaqudgha
Okawaru
Qazlal
Ru
Sif Muna
Uskayaw
Xom
Yredelemnul

Annotations:
D:6 exclusions: door and 2 more exclusions


Innate Abilities, Weirdness & Mutations

You cannot wear most types of armour.
You are very stealthy in the water. (Stealth+)
You are amphibious.
You can wear up to eight rings at the same time.
You can use your tentacles to constrict eight enemies at once.
Your skin changes colour to match your surroundings (Stealth+).
Your rubbery body absorbs attacks. (AC +1, EV +1)


Message History

No target in view!
No target in view!
No target in view!
No target in view!
No target in view!
No target in view!
No target in view!
No target in view!
No target in view!
No target in view!
No target in view!
No target in view!
No target in view!
No target in view!
No target in view!
No target in view!
No target in view!
No target in view!
No target in view!
No target in view!
e - 11 rations (gained 1)
e - 12 rations (gained 1)
Found a robe.
Key pressed, stopping explore.
Partly explored, can't reach some items.
Partly explored, can't reach some items.
Partly explored, can't reach some items.
(D) Dungeon (T) Temple
Where to? (Enter - D:6, ? - help)
There is a stone staircase leading down here.
You climb downwards.
A hippogriff comes into view.
There is a stone staircase leading up here.
A hippogriff is nearby!
A hippogriff is nearby!
The helpless hippogriff fails to defend itself.
You impale the hippogriff!!
The hippogriff is moderately wounded.
Wield which item (- for none, * to show all)? (? for menu, Esc to quit)
Okay, then.
Unknown command.
The hippogriff closely misses you. The hippogriff pecks you.
The hippogriff claws you!
There is a stone staircase leading up here.
Found a runed dagger.
Found a short sword.
You see here a runed dagger.
Found 14 gold pieces.
A steam dragon comes into view.
The steam dragon moves out of view.
There is a stone staircase leading up here.
You climb upwards.
Level annotation: exclusions: door and 2 more exclusions
There is a stone staircase leading down here.
You are near starving!
There is a stone staircase leading down here.
You climb downwards.
Found a scroll labeled GEPUSI FIUCIY and a ring mail.
There is a stone staircase leading up here.
The hippogriff is too close now for your liking.
a - a +1 hand crossbow (weapon)
Firing (i - inventory. (/) - cycle)
r - 88 bolts (quivered)
Press: ? - help, Shift-Dir - straight line, f - hippogriff
Aim: a hippogriff (lightly wounded, hasn't noticed you)
You shoot a bolt. The bolt hits the hippogriff.
The hippogriff is lightly wounded.
Firing (i - inventory. (/) - cycle)
r - 87 bolts (quivered)
Press: ? - help, Shift-Dir - straight line, f/p - hippogriff
Aim: a hippogriff (lightly wounded)
You shoot a bolt. The bolt hits the hippogriff.
The hippogriff is lightly wounded.
Firing (i - inventory. (/) - cycle)
r - 86 bolts (quivered)
Press: ? - help, Shift-Dir - straight line, f/p - hippogriff
Aim: a hippogriff (lightly wounded)
You shoot a bolt. The bolt closely misses the hippogriff.
Firing (i - inventory. (/) - cycle)
r - 85 bolts (quivered)
Press: ? - help, Shift-Dir - straight line, f/p - hippogriff
Aim: a hippogriff (lightly wounded)
You shoot a bolt. The bolt hits the hippogriff.
The hippogriff is moderately wounded.
Evoke which item? (* to show all) (? for menu, Esc to quit)
Okay, then.
b - a +0 rapier (weapon)
You hit the hippogriff. Your squeeze misses the hippogriff.
The hippogriff is moderately wounded.
The hippogriff bites you! The hippogriff closely misses you.
The hippogriff barely misses you.
You hit the hippogriff.
The hippogriff is moderately wounded.
The hippogriff bites you. The hippogriff pecks you! The hippogriff claws you!
You puncture the hippogriff!
You squeeze the hippogriff, but do no damage.
The hippogriff is heavily wounded.
The hippogriff barely misses you. The hippogriff misses you.
The hippogriff claws you!
* * * LOW HITPOINT WARNING * * *
You hit the hippogriff. You squeeze the hippogriff.
The hippogriff is severely wounded.
The hippogriff bites you!
You die...

## # . .. .#
..# .# ...# ...
.##[.. #.. ...
#.#
#..##.#..#..#
#?.@H.(.(.(.
####.##..#(.##
.##..#...###
.##...#....####
.# #....#....##
.# ###..<###...
.# #.#.H.####
## #.###.####
#. #.#...


You could see a hippogriff.

Vanquished Creatures
  Eustachio (D:4)
  A phantom (D:5)
  A centaur (D:5)
  A scorpion (D:5)
  A water moccasin skeleton (D:5)
  A howler monkey (D:4)
  2 crimson imps
  An orc priest (D:3)
  A hound (D:4)
  2 worker ants
  A hound zombie (D:5)
  A howler monkey skeleton (D:4)
  10 adders
  An ooze (D:6)
  An adder skeleton (D:5)
  3 worms
  4 leopard geckos
  4 orcs (D:3)
  2 ball pythons
  8 bats
  7 giant cockroaches
  9 goblins
  8 hobgoblins
  13 jackals
  11 kobolds
  A quokka (D:3)
  6 frilled lizards
  A leopard gecko zombie (D:5)
  5 rats
  A spectral orc (D:3)
109 creatures vanquished.

Notes
Turn   | Place    | Note
-------+----------+-------------------------------------------
     0 | D:1      | MisterOstroum the Octopode Hunter began the quest for the
                  | Orb.
     0 | D:1      | Reached XP level 1. HP: 14/14 MP: 1/1
   189 | D:1      | Reached XP level 2. HP: 19/19 MP: 2/2
   493 | D:1      | Reached XP level 3. HP: 24/24 MP: 3/3
  1082 | D:2      | Reached skill level 1 in Short Blades
  1515 | D:2      | Reached XP level 4. HP: 16/30 MP: 4/4
  1748 | D:2      | Reached skill level 2 in Short Blades
  1780 | D:2      | Found a white marble altar of Elyvilon.
  1783 | D:2      | Became a worshipper of Elyvilon the Healer
  2166 | D:2      | Found a sacrificial altar of Ru.
  2243 | D:3      | Found an ancient bone altar of Kikubaaqudgha.
  2290 | D:3      | Reached XP level 5. HP: 20/36 MP: 5/5
  2544 | D:3      | Reached skill level 3 in Short Blades
  2575 | D:3      | Reached * piety under Elyvilon
  2690 | D:3      | Found an iron altar of Okawaru.
  3766 | D:3      | Found a basalt altar of Yredelemnul.
  3856 | D:4      | Found a staircase to the Ecumenical Temple.
  3866 | Temple   | Entered the Ecumenical Temple
  3876 | Temple   | Fell from the grace of Elyvilon
  3876 | Temple   | Became a worshipper of Sif Muna the Loreminder
  3933 | D:4      | Reached XP level 6. HP: 42/42 MP: 6/6
  3948 | D:4      | Reached skill level 5 in Stealth
  4149 | D:4      | Reached skill level 4 in Short Blades
  4677 | D:5      | Entered Level 5 of the Dungeon
  4692 | D:5      | Noticed a +0 dagger
  4693 | D:5      | Found a hide-covered altar of Uskayaw.
  4693 | D:5      | Noticed a -1 hand axe
  4822 | D:5      | Noticed Eustachio
  4849 | D:4      | Killed Eustachio
  4849 | D:4      | Reached skill level 5 in Short Blades
  4849 | D:4      | Reached XP level 7. HP: 12/48 MP: 7/7
  5083 | D:5      | Identified the Handbook of Malediction
  5599 | D:5      | Reached skill level 6 in Short Blades
  5967 | D:6      | Got a scorched garnet amulet
  5968 | D:6      | Identified the amulet "Erricvek" {+Rage rPois Str-5 Int+3}
                  | (You found it on level 6 of the Dungeon)
  6021 | D:6      | Found a shadowy altar of Dithmenos.
  6068 | D:6      | Found a stormy altar of Qazlal.
  6071 | D:6      | Found a blossoming altar of Fedhas.
  6692 | D:7      | Noticed a hippogriff
  6709 | D:7      | Noticed a steam dragon
  6770 | D:7      | Slain by a hippogriff

Skill      XL: |  1  2  3  4  5  6  7 |
---------------+----------------------+-----
Stealth        | 3 4 5 |  5.2
Short Blades   | 1 2 3 5 6 |  6.0
Fighting       | 3 4 |  4.8
Crossbows      | |  4.1
Dodging        | |  2.3

Action                   |  1- 3 |  4- 6 |  7- 9 || total
-------------------------+-------+-------+-------++-------
Melee: Short sword       |    57 |     2 |       ||    59
       Tentacles         |    11 |    21 |     8 ||    40
       Constrict         |    10 |    25 |     6 ||    41
       Dagger            |    23 |    25 |       ||    48
       Rapier            |       |    89 |    33 ||   122
 Fire: Hand crossbow     |     7 |    19 |     8 ||    34
Throw: Stone             |     8 |     5 |     6 ||    19
 Stab: Sleeping          |     7 |    13 |     3 ||    23
  Eat: Chunk             |     2 |     8 |     3 ||    13
       Ration            |       |     1 |       ||     1
Armor: Skin              |     7 |    16 |       ||    23
Dodge: Dodged            |    43 |    64 |    20 ||   127
